 Seeded DCSS version 0.28-a0-655-g4eb62b627b (webtiles) character file.

Game seed: 3713676629606624443 (custom seed)

0 cheechan the Magician (level 1, 0/9 HPs)
             Began as a Vine Stalker Hedge Wizard on Oct 12, 2021.
             Succumbed to a kobold's poison
             ... on level 1 of the Dungeon.
             The game lasted 00:00:25 (60 turns).

cheechan the Magician (Vine Stalker Hedge Wizard)     Turns: 60, Time: 00:00:26

Health: 0/9        AC:  8    Str: 12    XL:     1   Next: 10%
Magic:  5/5        EV:  8    Int: 14    God:
Gold:   0          SH:  0    Dex: 13    Spells: 5/6 levels left

rFire   + + .      SeeInvis .   a - +0 dagger
rCold   x . .      Faith    .   (no shield)
rNeg    . . .      Spirit   +   e - +0 fire dragon scales
rPois   .          Reflect  .   c - +0 hat
rElec   .          Harm     .   (no cloak)
rCorr   .          Rampage  .   (no gloves)
Will    .....                   (no boots)
Stlth   ..........              (no amulet)
HPRegen 0.03/turn               (no ring)
MPRegen 0.09/turn               (no ring)

@: lethally poisoned (0 -> -14), very slightly contaminated
A: fangs 2, magic shield, antimagic bite, no potion heal 2
a: no special abilities


You were on level 1 of the Dungeon.
You visited 1 branch of the dungeon, and saw 1 of its levels.

Inventory:

Hand Weapons
 a - a +0 dagger (weapon)
Armour
 b - a +0 robe
 c - a +0 hat (worn)
 e - +0 fire dragon scales (worn)


   Skills:
 + Level 1.5 Dodging
 + Level 2.4 Stealth
 + Level 3.3 Spellcasting
 + Level 1.0 Conjurations
 + Level 1.0 Summonings
 + Level 1.0 Translocations


You had 5 spell levels left.
You knew the following spells:

 Your Spells              Type           Power      Damage    Failure   Level
a - Magic Dart            Conj           20%        1d4       73%         1

Your spell library contained the following spells:

 Spells                   Type           Power      Damage    Failure   Level
 Blink                    Tloc           N/A        N/A       86%         2
 Call Imp                 Summ           5%         N/A       86%         2
 Slow                     Hex            2%         N/A       95%         2
 Conjure Flame            Conj/Fire      3%         6-21      99%         3
 Mephitic Cloud           Conj/Pois/Air  3%         N/A       99%         3


Dungeon Overview and Level Annotations

Branches:
Dungeon (1/15)

Altars:


Innate Abilities, Weirdness & Mutations

You have extremely sharp teeth.
When hurt, damage is shared between your health and your magic reserves.
Your bite disrupts and absorbs the magic of your enemies.
Potions cannot restore your health.


Message History

d - a scroll labelled HEXISHEEHI
Found fire dragon scales.
Found a stone staircase leading down.
You see here +0 fire dragon scales. e - +0 fire dragon scales You start removing your armour.
You continue taking off your +0 robe. x4
You finish taking off your +0 robe.
You start putting on your armour.
You continue putting on your +0 fire dragon scales. x5
You finish putting on your +0 fire dragon scales.
A kobold comes into view. It is wielding a +0 dagger of venom.
Casting: Magic Dart (safe; 75% risk of failure)
Confirm with . or Enter, or press ? or * to list all spells.
Aiming: Magic Dart (safe; 75% risk of failure)
Press: ? - help, Shift-Dir - straight line, f - kobold
Aim: a kobold, wielding a +0 dagger of venom (100% to hit)
You miscast Magic Dart.
You are very lightly contaminated with residual magic.
Nothing appears to happen.
Casting: Magic Dart (safe; 75% risk of failure)
Confirm with . or Enter, or press ? or * to list all spells.
Aiming: Magic Dart (safe; 75% risk of failure)
Press: ? - help, Shift-Dir - straight line, f/p - kobold
Aim: a kobold, wielding a +0 dagger of venom (100% to hit)
You miscast Magic Dart.
Nothing appears to happen.
The kobold hits you but does no damage.
You are lethally poisoned!
You completely miss the kobold. You bite the kobold. You drain its power.
You feel invigorated.
The kobold is moderately wounded.
You feel sick. The kobold hits you but does no damage.
You are more poisoned.
You closely miss the kobold. You bite the kobold.
You kill the kobold!
You feel very sick.
There is a lethal amount of poison in your body!
There is a lethal amount of poison in your body!
As you read the scroll labelled HEXISHEEHI, it crumbles to dust.
The scroll dissolves into smoke.
It was a scroll of fog.
You die...

#..# #..# #..
#####+##+#..# #.#
............# #.#
............# #.#
.....§..§§..##### #.#
......§§§...#...# #.#
.....§§@§§..#.#.###.#
......§§§...#<#..'..#
+#...#+###..#.#.###.####
#.# #..#...# #....+ ..
#..##### #.#### # #..#
#.# #..# #.# #..#### #.#
#######.....# #.#


There were no monsters in sight!

Vanquished Creatures
  A kobold (D:1)
1 creature vanquished.

Notes
Turn   | Place    | Note
-------+----------+-------------------------------------------
     0 | D:1      | cheechan the Vine Stalker Hedge Wizard began the quest for
                  | the Orb.
     0 | D:1      | Reached XP level 1. HP: 9/9 MP: 5/5
    60 | D:1      | Succumbed to a kobold's poison

Illustrated notes

Levels and vault maps discovered:
D:1:      dpeg_arrival_renting, layout_basic

Action                   || total
-------------------------++-------
Melee: Dagger            ||     2
       Bite              ||     2
  Use: Scroll            ||     1
Armor: Fire dragon scale ||     2

Table legend: (Time is in decaauts)
 A = Elapsed time spent in this place.
 B = Non-inter-level travel time spent in this place.
 C = Inter-level travel time spent in this place.
 D = Time resting spent in this place.
 E = Time spent auto-exploring this place.
 F = Levels seen in this place.
 G = Mean time per level.
                   A        B        C        D        E       F      G
               +--------+--------+--------+--------+--------+-----+--------+
         Total |     60 |     60 |      0 |      0 |      0 |   1 |   60.0 |
       Dungeon |     60 |     60 |      0 |      0 |      0 |   1 |   60.0 |
               +--------+--------+--------+--------+--------+-----+--------+

Top non-repeatable levels by time:
     D:1: 60 daAuts
